 Dungeon Crawl Stone Soup version 0.21.1-1-g345015f (webtiles) character file.

45 Figureslego113 the Slasher (level 3, 0/29 HPs)
             Began as a Barachi Fighter on July 20, 2018.
             Slain by an adder (2 damage)
             ... on level 2 of the Dungeon.
             The game lasted 00:05:24 (1480 turns).

Figureslego113 the Slasher (Barachi Fighter)        Turns: 1480, Time: 00:05:25

Health: 0/29       AC:  6    Str: 18    XL:     3   Next: 64%
Magic:  3/3        EV:  7    Int: 13    God:
Gold:   65         SH:  9    Dex: 11    Spells: 2/2 levels left

rFire    . . .     SeeInvis .   a - +0 long sword
rCold    . . .     Gourm    .   c - +0 shield
rNeg     . . .     Faith    .   b - +0 scale mail
rPois    .         Spirit   .   (no helmet)
rElec    .         Reflect  .   (no cloak)
rCorr    .         Harm     .   (no gloves)
MR       .....                  (no boots)
Stlth    ..........             (no amulet)
HPRegen  0.09/turn              (no ring)
MPRegen  0.08/turn              (no ring)

@: brilliant, lethally poisoned (0 -> -3), slow
A: +LOS, swims, slowness 1, strong legs 1
a: Hop


You were on level 2 of the Dungeon.
You were hungry.

You visited 1 branch of the dungeon, and saw 2 of its levels.

You collected 65 gold pieces.

Inventory:

Hand Weapons
 a - a +0 long sword (weapon)
Missiles
 g - 16 stones (quivered)
Armour
 b - a +0 scale mail (worn)
 c - a +0 shield (worn)
Jewellery
 i - an uncursed ring of positive energy {unknown}
 q - an uncursed ring of wizardry {unknown}
Scrolls
 h - a scroll of noise {unknown}
 j - 2 scrolls of teleportation {unknown}
 m - 2 scrolls of remove curse {unknown}
 n - a scroll of identify {unknown}
 s - a scroll of fear {unknown}
Potions
 d - a potion of might
 k - a potion of berserk rage {unknown}
 l - 2 potions of heal wounds {unknown}
 o - a potion of haste {unknown}
 r - a potion of degeneration {unknown}
Comestibles
 f - 5 rations
 p - a chunk of flesh


   Skills:
 - Level 3.6 Fighting
 * Level 4.6 Long Blades
 - Level 3.6 Armour
 - Level 0.3 Stealth
 - Level 3.2 Shields


You had 2 spell levels left.
You didn't know any spells.

Dungeon Overview and Level Annotations

Branches:
Dungeon (2/15)

Altars:
Uskayaw


Innate Abilities, Weirdness & Mutations

Shadows flee at your approach. (+LOS)
You can swim through water.
You cover ground slowly.
You can hop short distances.


Message History

You are feeling hungry.
The adder bites you.
* * * LOW HITPOINT WARNING * * *
You are poisoned.
The adder poisons you! You block the rat's attack.
Throwing (i - inventory):
g - 17 stones (quivered)
Press: ? - help, Shift-Dir - straight line You throw a stone.
* * * LOW HITPOINT WARNING * * *
You feel sick. The adder bites you.
* * * LOW HITPOINT WARNING * * *
You block the rat's attack. The adder bites you but does no damage.
* * * LOW HITPOINT WARNING * * *
You feel sick. The adder bites you but does no damage.
The adder bites you but does no damage. The rat barely misses you.
It was a potion of brilliance.
You feel clever all of a sudden. The adder bites you.
You die...

#.##...........##P...#
#.
#........#####......
#.......## #..♣P.♣.
#.......######..♣♣♣. P
#.................♣♣♣
#........#####.#..P.♣.
#........#####.# ...
#......Sr....#.# =.P .
#......@.......##.##..
#..............#.....
♣.♣###<...........# ♣.
#(...........# ♣
#.......).####
#.........#
#.......÷.#
#.........#
#.......<.#


You could see an adder and a rat.

Vanquished Creatures
  2 adders (D:2)
  A dart slug (D:1)
  A leopard gecko (D:1)
  3 bats
  2 giant cockroaches (D:1)
  3 goblins
  A hobgoblin (D:1)
  2 jackals (D:2)
  A quokka (D:2)
  A frilled lizard (D:1)
  2 kobolds
  3 rats
22 creatures vanquished.

Notes
Turn   | Place    | Note
-------+----------+-------------------------------------------
     0 | D:1      | Figureslego113 the Barachi Fighter began the quest for the Orb.
     0 | D:1      | Reached XP level 1. HP: 18/18 MP: 1/1
   229 | D:1      | Reached skill level 3 in Long Blades
   252 | D:1      | Reached XP level 2. HP: 24/24 MP: 2/2
  1170 | D:2      | Reached skill level 4 in Long Blades
  1170 | D:2      | Reached XP level 3. HP: 21/29 MP: 3/3
  1387 | D:2      | Found a hide-covered altar of Uskayaw.
  1477 | D:2      | HP: 1/29 [poisoned by an adder]
  1480 | D:2      | Slain by an adder

Skill      XL: |  1  2 |
---------------+-------+-----
Long Blades    | 3 4 |  4.6
Fighting       | |  3.6
Armour         | |  3.6
Stealth        | |  0.3
Shields        | |  3.2

Action                   || total
-------------------------++-------
Melee: Long sword        ||    80
Throw: Stone             ||     1
  Use: Potion            ||     1
  Eat: Chunk             ||     2
Armor: Scale mail        ||    48
Dodge: Dodged            ||    38
Block: Shield            ||    65
       Rpst.: Long sword ||    16
